 Dungeon Crawl Stone Soup version 0.24.0-37-gcf1ca852f1 (webtiles) character file.

Game seed: 16367554924942035164, levelgen mode: deterministic

36 Descartes the Ducker (level 3, -2/17 HPs)
             Began as a Felid Monk on Dec 7, 2019.
             Slain by a worm (5 damage)
             ... on level 2 of the Dungeon.
             The game lasted 00:02:06 (1595 turns).

Descartes the Ducker (Felid Monk)                   Turns: 1595, Time: 00:02:06

Health: -2/17      AC:  1    Str:  8    XL:     3   Next: 19%
Magic:  4/4        EV: 20    Int: 11    God:
Gold:   72         SH:  0    Dex: 18    Spells: 2/2 levels left
                                        Lives:  0   Deaths: 0

rFire    . . .     SeeInvis +     - Unarmed
rCold    . . .     Gourm    .   (shield unavailable)
rNeg     . . .     Faith    .   (armour unavailable)
rPois    .         Spirit   .   (helmet unavailable)
rElec    .         Reflect  .   (cloak unavailable)
rCorr    .         Harm     .   (gloves unavailable)
MR       .....                  (boots unavailable)
Stlth    +++.......             (no amulet)
HPRegen  0.05/turn              (no ring)
MPRegen  0.09/turn              (no ring)

@: quick
A: very small, no armour, no weapons or thrown items, stealth, claws 1, fangs 3,
see invisible, carnivore, speed 1, shaggy fur 1, slow metabolism 1, sharp paws
a: no special abilities


You were on level 2 of the Dungeon.
You were completely stuffed.

You visited 1 branch of the dungeon, and saw 2 of its levels.

You collected 72 gold pieces.

Inventory:

Missiles
 d - 41 stones
 e - 78 arrows
Scrolls
 b - a scroll of fear {unknown}
 c - 3 scrolls of identify {unknown}
 g - 3 scrolls of amnesia {unknown}
 i - a scroll of enchant armour {unknown}
 k - a scroll of fog {unknown}
Potions
 f - a potion of resistance {unknown}
 h - a potion of degeneration {unknown}
 j - a potion of heal wounds {unknown}
Comestibles
 a - 2 rations


   Skills:
 + Level 3.2 Fighting
 + Level 4.3 Dodging
 * Level 3.7 Stealth
 * Level 3.5 Unarmed Combat


You had 2 spell levels left.
You didn't know any spells.
Your spell library was empty.

Dungeon Overview and Level Annotations

Branches:
Dungeon (2/15)

Altars:
Hepliaklqana


Innate Abilities, Weirdness & Mutations

You cannot wear armour.
You are incapable of wielding weapons or throwing items.
Your paws allow you to move quietly. (Stealth)
You have sharp claws.
You have razor-sharp teeth.
You have supernaturally acute eyesight. (SInv)
You are carnivorous and can eat meat at any time.
You cover ground quickly.
You are covered in fur. (AC +1)
You have a slow metabolism.
Your sharp claws are effective at attacking unaware monsters.


Message History

This raw flesh tastes great.
j - an orange potion A worm comes into view.
Found 12 gold pieces.
The worm bites you!
Ouch! That really hurt!
You are too injured to fight recklessly!
You are too injured to fight recklessly!
You are too injured to fight recklessly!
You are too injured to fight recklessly!
You scratch the worm.
The worm is lightly wounded.
The worm bites you.
* * * LOW HITPOINT WARNING * * *
You scratch the worm.
The worm is lightly wounded.
You barely miss the worm. You bite the worm.
The worm is moderately wounded.
The worm bites you.
You die...

....)............#.#.#
.##.#.######.#...#.#.#
.##..........#.......
.##.#.######.#...#.###
.........#...........
......##.###.#...#.###
......................
.............#...#.##
.<..............@#
.####............w$.....
.#######.........#.####.
.....................
.#######..##.#.....###
.# #..##.#.....# .#
#...........# .#..
##.#....## ....


You could see a worm.

Vanquished Creatures
  2 dart slugs (D:1)
  A leopard gecko (D:1)
  A giant cockroach (D:1)
  4 goblins (D:1)
  3 hobgoblins (D:1)
  9 kobolds
  6 bats (D:1)
  3 frilled lizards (D:1)
  3 rats (D:1)
32 creatures vanquished.

Notes
Turn   | Place    | Note
-------+----------+-------------------------------------------
     0 | D:1      | Descartes the Felid Monk began the quest for the Orb.
     0 | D:1      | Reached XP level 1. HP: 10/10 MP: 2/2
   273 | D:1      | Reached XP level 2. HP: 11/14 MP: 3/3
  1056 | D:1      | Reached XP level 3. HP: 16/17 MP: 4/4
  1564 | D:2      | Found a hazy altar of Hepliaklqana.
  1595 | D:2      | Slain by a worm

Levels and vault maps discovered:
D:1:      kennysheep_arrival_seaside, layout_basic, minivault_5,
          minmay_misc_feat_tiny, hangedman_decor_slide_cut, minmay_3d_cube
D:2:      layout_basic, eat_drink_and_be_merry_uskayaw,
          overflow_temple_1_default, first_ration, dk_xom_monty_hall

Skill      XL: |  1 |
---------------+----+-----
Stealth        | 3 |  3.7
Fighting       | |  3.2
Dodging        | |  4.3
Unarmed Combat | |  3.5

Action                   || total
-------------------------++-------
Melee: Unarmed           ||    91
       Bite              ||     7
 Stab: Sleeping          ||     7
  Eat: Chunk             ||     9
Armor: Skin              ||     9
Dodge: Dodged            ||    73
